AoeStats
← Bingus The Flamingus

Arabia

508164043Analyzed
1v1 RM · 12d ago on Sep 21, 2026· 64m 29s· 2 players
Game mode
Random Map
Map size
Tiny (2 player)
Population
200
Speed
Normal
Resources
Standard
Victory
Conquest
Starting age
Dark Age
Ending age
Imperial Age
RankedLock teamsTeams togetherTeam positionsShared explorationLock speedFull tech treeHidden civsTurbo modeCheats
Victory
Defeat
🇨🇦 Magyars · Canada
717
+15
🇮🇳 Saracens · India
703
-15
"Nina"
11:47 Feudal Age
13:52 Horse Collar
16:28 Loom
17:00 Man-at-Arms
24:15 Castle Age
26:09 Wheelbarrow
27:42 Long Swordsman
28:22 Squires
29:09 Scale Mail Armor
29:19 Forging
36:21 Light Cavalry
37:02 Husbandry
38:58 Scale Barding Armor
51:26 Gold Mining
53:14 Chain Barding Armor
53:31 Iron Casting
57:23 Imperial Age
55:12 Hand Cart
54:42 Town Watch
58:27 Hussar
59:18 Bloodlines
62:03 Conscription
62:48 Plate Barding Armor
63:14 Blast Furnace
62:26 Pikeman
Bingus The Flamingus
8:55 Loom
10:52 Feudal Age
15:21 Double-Bit Axe
17:51 Horse Collar
25:16 Castle Age
23:48 Bloodlines
29:23 Fletching
29:34 Padded Archer Armor
33:53 Elite Skirmisher
45:42 Bodkin Arrow
46:03 Leather Archer Armor
49:23 Ballistics
49:51 Gold Mining
50:42 Wheelbarrow
54:58 Imperial Age
52:47 Hand Cart
56:12 Parthian Tactics
56:40 Corvinian Army
56:57 Heavy Cavalry Archer
60:10 Conscription
62:49 Elite Magyar Huszar
64:44 Scale Barding Armor
64:40 Bracer
65:11 Ring Archer Armor
Connection lost

Rejoining the realm…

Still unreachable

The connection could not be restored.

Session expired

The server has moved on; the page needs a fresh start.